 Dungeon Crawl Stone Soup version 0.30-a0-760-g5a9884bb7c (webtiles) character file.

Game seed: 15673378546030343785

56 NinjaNoafa the Cudgeller (level 3, -9/30 HPs)
             Began as a Demigod Fighter on Feb 10, 2023.
             Mangled by an ogre
             ... wielding a +0 giant spiked club
              (21 damage)
             ... on level 3 of the Dungeon.
             The game lasted 00:05:45 (1557 turns).

NinjaNoafa the Cudgeller (Demigod Fighter)          Turns: 1557, Time: 00:05:45

Health: -9/30      AC:  9    Str: 21    XL:     3   Next: 48%
Magic:  5/5        EV:  9    Int: 10    God:
Gold:   87         SH:  4    Dex: 13    Spells: 2/2 levels left

rFire   . . .      SeeInvis .    a - +0 flail
rCold   . . .      Faith    .    c - +0 buckler
rNeg    . . .      Spirit   .    b - +0 scale mail
rPois   .          Reflect  .    (no helmet)
rElec   .          Harm     .    (no cloak)
rCorr   .          Rampage  .    s - +2 pair of gloves
Will    .....                    (no boots) Stlth
                                 p - amulet of magic regeneration
HPRegen 0.25/turn                (no ring)
MPRegen 0.49/turn                (no ring)

@: mighty
A: high MP 1, forlorn, divine attributes
a: no special abilities


You were on level 3 of the Dungeon.
You visited 1 branch of the dungeon, and saw 3 of its levels.

You collected 87 gold pieces.

Inventory:

Hand Weapons
 a - a +0 flail (weapon)
Missiles
 m - 2 boomerangs (quivered)
Armour
 b - a +0 scale mail (worn)
 c - a +0 buckler (worn)
 s - a +2 pair of gloves (worn)
Jewellery
 p - an amulet of magic regeneration (around neck)
Scrolls
 e - 2 scrolls of vulnerability {unknown}
 g - a scroll of identify {unknown}
 h - a scroll of noise {unknown}
 k - a scroll of enchant weapon {unknown}
 l - a scroll of brand weapon {unknown}
 n - a scroll of amnesia {unknown}
 r - a scroll of enchant armour {unknown}
Potions
 f - 2 potions of invisibility {unknown}
 i - 3 potions of heal wounds {unknown}
 j - a potion of curing
 o - a potion of lignification {unknown}
 q - a potion of degeneration {unknown}


   Skills:
 - Level 2.6 Fighting
 + Level 3.7 Maces & Flails
 - Level 2.6 Armour
 - Level 2.6 Shields


You had 2 spell levels left.
You didn't know any spells.
Your spell library was empty.

Dungeon Overview and Level Annotations

Branches:
Dungeon (3/15)


Innate Abilities, Weirdness & Mutations

You have an increased reservoir of magic. (+10% MP)
You shall have no god before yourself.
Your divine heritage dramatically boosts your attributes as you level up.


Message History

You hit the quokka.
You kill the quokka!
Found a whip.
You see here a quokka corpse.
A dart slug comes into view.
You hit the dart slug.
The dart slug is moderately wounded.
The dart slug bites you but does no damage.
You hit the dart slug but do no damage.
The dart slug is moderately wounded.
The dart slug launches a dart at you.
The slug dart hits you but does no damage.
You hit the dart slug.
The dart slug is heavily wounded.
The dart slug bites you but does no damage.
You sock the dart slug!
You kill the dart slug!
Found a metallic blue potion.
You see here a +0 whip.
j - 2 metallic blue potions (gained 1)
Your library has no spells.
An ogre comes into view. It is wielding a +0 giant spiked club.
The ogre shouts!
It was a potion of curing.
You feel better. The ogre closely misses you.
You sock the ogre!
The ogre is moderately wounded.
The ogre hits you with a +0 giant spiked club.
You hit the ogre.
The ogre is moderately wounded.
You hit the ogre.
The ogre is heavily wounded.
The ogre hits you with a +0 giant spiked club!
You barely miss the ogre.
The ogre is heavily wounded.
The ogre hits you with a +0 giant spiked club.
* * * LOW HITPOINT WARNING * * *
You feel very mighty all of a sudden.
The ogre hits you with a +0 giant spiked club!!
Ouch! That really hurt!
You die...

#########
........#
######O#
#.†.<#@#
#.####.#
#)####.#
#......#
########


You could see an ogre.

Vanquished Creatures
  2 dart slugs
  6 endoplasms
  3 giant cockroaches
  4 goblins
  3 hobgoblins
  4 jackals (D:2)
  3 kobolds
  3 quokkas
  8 ball pythons
  4 bats (D:1)
  A frilled lizard (D:1)
  5 rats
46 creatures vanquished.

Vanquished Creatures (others)
  13 plants
13 creatures vanquished.

Grand Total: 59 creatures vanquished

Notes
Turn   | Place    | Note
-------+----------+-------------------------------------------
     0 | D:1      | NinjaNoafa the Demigod Fighter began the quest for the Orb.
     0 | D:1      | Reached XP level 1. HP: 18/18 MP: 3/3
   101 | D:1      | Reached skill level 2 in Maces & Flails
   236 | D:1      | Reached XP level 2. HP: 25/25 MP: 4/4
   770 | D:1      | Reached skill level 3 in Maces & Flails
  1113 | D:2      | Reached XP level 3. HP: 30/30 MP: 5/5
  1550 | D:3      | Noticed an ogre
  1557 | D:3      | Mangled by an ogre

Illustrated notes

Levels and vault maps discovered:
D:1:      nicolae_arrival_somewhat_less_tricky_arrival, layout_loops_ring,
          st_stairs_12, serial_bayou_lagoon_a, patterned_corridor
D:2:      layout_rooms, dreamdust_ecumenical_altar_statues, chequers_big_river
D:3:      layout_basic

Skill      XL: |  1  2 |
---------------+-------+-----
Maces & Flails | 2 3 |  3.7
Fighting       | |  2.6
Armour         | |  2.6
Shields        | |  2.6

Action                     || total
---------------------------++-------
  Melee: Flail             ||   145
    Use: Potion            ||     2
 Armour: Scale mail        ||    75
  Dodge: Dodged            ||    79
  Block: Buckler           ||    37

Table legend: (Time is in decaauts)
 A = Elapsed time spent in this place.
 B = Non-inter-level travel time spent in this place.
 C = Inter-level travel time spent in this place.
 D = Time resting spent in this place.
 E = Time spent auto-exploring this place.
 F = Levels seen in this place.
 G = Mean time per level.
                   A        B        C        D        E       F      G
               +--------+--------+--------+--------+--------+-----+--------+
         Total |   1610 |   1418 |    192 |      0 |    318 |   3 |  536.7 |
       Dungeon |   1610 |   1418 |    192 |      0 |    318 |   3 |  536.7 |
               +--------+--------+--------+--------+--------+-----+--------+

Top non-repeatable levels by time:
     D:1: 1024 daAuts
     D:2: 557 daAuts
     D:3: 29 daAuts
